 Dungeon Crawl Stone Soup version 0.28-a0-1638-g9123634e07 (webtiles) character file.

Game seed: 137378816242478991

75 HallandMoats the Skirmisher (level 4, 40/40 HPs)
             Began as a Ghoul Fighter on Jan 25, 2022.
             Was a Follower of Fedhas.
             Safely got out of the dungeon.
             The game lasted 00:01:25 (1428 turns).

HallandMoats the Skirmisher (Ghoul Fighter)         Turns: 1428, Time: 00:01:26

Health: 40/40      AC:  6    Str: 19    XL:     4   Next: 31%
Magic:  3/3        EV:  9    Int:  5    God:    Fedhas [*.....]
Gold:   62         SH:  4    Dex:  8    Spells: 3/3 levels left

rFire   . . .      SeeInvis .     - Unarmed
rCold   + . .      Faith    .   b - +0 buckler
rNeg    + + +      Spirit   .   a - +0 scale mail
rPois   ∞          Reflect  .   (no helmet)
rElec   .          Harm     .   (no cloak)
rCorr   .          Rampage  .   (no gloves)
Will    .....                   (no boots)
Stlth   ..........              (no amulet)
HPRegen 0.13/turn               (no ring)
MPRegen 0.08/turn               (no ring)

@: no status effects
A: claws 1, cold resistance 1, negative energy resistance 3, inhibited
regeneration, torment resistance 2
a: Renounce Religion


You escaped.
You worshipped Fedhas.
Fedhas was aware of your devotion.
You visited 1 branch of the dungeon, and saw 2 of its levels.

You collected 62 gold pieces.

Inventory:

Armour
 a - a +0 scale mail (worn)
 b - a +0 buckler (worn)
Jewellery
 o - a ring of wizardry
Wands
 j - a wand of acid (7)
Scrolls
 g - 2 scrolls of identify {unknown}
 h - a scroll of acquirement {unknown}
 i - a scroll of brand weapon {unknown}
 k - a scroll of immolation {unknown}
 l - a scroll of fear {unknown}
Potions
 c - a potion of might
 d - 2 potions of curing {unknown}
 e - a potion of degeneration {unknown}
 f - a potion of ambrosia {unknown}
 m - a potion of brilliance {unknown}
 n - a potion of heal wounds {unknown}


   Skills:
 * Level 4.0 Fighting
 + Level 2.9 Armour
 + Level 0.8 Dodging
 + Level 2.9 Shields
 * Level 3.3 Unarmed Combat
 + Level 1.0 Invocations


You had 3 spell levels left.
You didn't know any spells.
Your spell library contained the following spells:

 Spells                   Type           Power      Damage    Failure   Level
 Apportation              Tloc           0%         N/A       91%         1
 Slow                     Hex            0%         N/A       91%         1
 Confusing Touch          Hex            0%         N/A       99%         3
 Vampiric Draining        Necr           0%         2d6       99%         3
 Alistair's Intoxication  Tmut/Pois      0%         N/A       100%        5


Dungeon Overview and Level Annotations

Branches:
Dungeon (2/15)

Altars:
Fedhas
Sif Muna


Innate Abilities, Weirdness & Mutations

You thrive by killing the living.
You are immune to poison.
You have sharp fingernails.
Your flesh is cold resistant. (rC+)
You are immune to negative energy. (rN+++)
You do not regenerate when monsters are visible.
You are immune to unholy pain and torment.


Message History

The hobgoblin is heavily wounded.
The hobgoblin hits you.
You scratch the hobgoblin.
The hobgoblin is severely wounded.
The hobgoblin closely misses you.
You scratch the hobgoblin.
You kill the hobgoblin!
Your Fighting skill increases to level 4!
No target in view!
Found a faded altar of an unknown god.
An endoplasm comes into view.
Found a glass ring.
The endoplasm quivers.
An endoplasm is nearby!
An endoplasm is nearby!
You claw the endoplasm!
You kill the endoplasm!
Found a shimmering blue altar of Sif Muna.
o - a ring of wizardry
There is a dry fountain here.
There is a faded altar of an unknown god here.
There is a dry fountain here.
Found a stone staircase leading up.
There is a dry fountain here.
There is a faded altar of an unknown god here.
You cannot tell which god this altar belongs to.
Convert to them anyway?
Fedhas accepts your prayer! Fedhas welcomes you!
The plants of the dungeon cease their hostilities.
(D) Dungeon
Where to? (Enter - D:2, ? - help)
What level of the Dungeon? (default 1, ? - help)
There is a dry fountain here.
There is a stone staircase leading up here.
You climb upwards.
There is a stone staircase leading down here.
You see here a +0 buckler.
There is a staircase leading out of the dungeon here.
Are you sure you want to leave the Dungeon?
This will make you lose the game!
You have escaped!

.##.# #.....(...# #..# #. .##.#
#.#####.### #..# #. .##.# #.# #.#
#..# #. .##.# #.# #.# ##### ##
.##.# #.# #.# ######...####
.##.#####.###########..##.###.##.
.##............#.(##.#.#.## #####
.########.######....###..# ####..
.# #.######@.###.#..###...## .#
#......#....##.##.##.##.# .#####
#..#####..##...##...####. .....#
#..# ################### ####.#
#..# #............>....# ##.##
#..# ######[...........#
###...###..###### #.#.#.##.##..#
........).......# ##.#.#.##......
###...###.......###>...#.##.#....


There were no monsters in sight!

Vanquished Creatures
  3 adders (D:2)
  A worm (D:2)
  A dart slug (D:1)
  4 ball pythons (D:1)
  3 bats (D:2)
  3 endoplasms
  3 giant cockroaches (D:2)
  3 goblins
  5 hobgoblins
  3 jackals (D:2)
  3 kobolds
  A quokka (D:1)
  3 frilled lizards (D:1)
  6 rats
42 creatures vanquished.

Notes
Turn   | Place    | Note
-------+----------+-------------------------------------------
     0 | D:1      | HallandMoats the Ghoul Fighter began the quest for the Orb.
     0 | D:1      | Reached XP level 1. HP: 19/19 MP: 0/0
   118 | D:1      | Reached XP level 2. HP: 25/26 MP: 1/1
   542 | D:1      | Reached XP level 3. HP: 30/33 MP: 2/2
   965 | D:2      | Reached skill level 1 in Invocations
   971 | D:2      | Reached XP level 4. HP: 40/40 MP: 3/3
  1216 | D:2      | Reached skill level 4 in Fighting
  1307 | D:2      | Found a faded altar of an unknown god.
  1315 | D:2      | Found a shimmering blue altar of Sif Muna.
  1341 | D:2      | Prayed at the altar of an unknown god.
  1341 | D:2      | Became a worshipper of Fedhas Madash
  1341 | D:2      | Reached * piety under Fedhas
  1428 | D:$      | Safely got out of the dungeon.

Illustrated notes

Levels and vault maps discovered:
D:1:      dpeg_arrival_signposts, layout_loops_ring
D:2:      layout_rooms, serial_glass, glass_columns_a, glass_columns_a,
          glass_columns_a, glass_columns_b, glass_columns_a, glass_columns_b,
          glass_columns_a, glass_columns_b, glass_columns_a, glass_columns_c,
          minmay_strange_pillars, minmay_strange_pillars,
          minmay_strange_pillars, hellmonk_ecumenical_altar_run_dry, basic_altar

Skill      XL: |  1  2  3  4 |
---------------+-------------+-----
Unarmed Combat | 3 |  3.3
Invocations    | 1 |  1.0
Fighting       | 4 |  4.0
Armour         | |  2.9
Dodging        | |  0.8
Shields        | |  2.9

Action                   |  1- 3 |  4- 6 || total
-------------------------+-------+-------++-------
Melee: Unarmed           |    99 |    42 ||   141
Armor: Scale mail        |    45 |    24 ||    69
Dodge: Dodged            |    41 |    17 ||    58
Block: Buckler           |    15 |    12 ||    27

Table legend: (Time is in decaauts)
 A = Elapsed time spent in this place.
 B = Non-inter-level travel time spent in this place.
 C = Inter-level travel time spent in this place.
 D = Time resting spent in this place.
 E = Time spent auto-exploring this place.
 F = Levels seen in this place.
 G = Mean time per level.
                   A        B        C        D        E       F      G
               +--------+--------+--------+--------+--------+-----+--------+
         Total |   1426 |   1280 |    146 |      0 |   1004 |   2 |  713.0 |
       Dungeon |   1426 |   1280 |    146 |      0 |   1004 |   2 |  713.0 |
               +--------+--------+--------+--------+--------+-----+--------+

Top non-repeatable levels by time:
     D:1: 955 daAuts
     D:2: 471 daAuts
